Jets vs Maple Leafs
Created - 14 novembre 2016 at 20:43
Goals
|
| Jets |
1 |
1 |
1 |
0 |
0 |
3 |
| Maple Leafs |
1 |
1 |
1 |
0 |
1 |
4 |
|
Shots
|
| Jets |
11 |
6 |
9 |
0 |
3 |
26 |
| Maple Leafs |
10 |
11 |
10 |
4 |
2 |
35 |
|
1st period
1. Jets , Mikko Koivu 4 (Michael Rupp, Brent Seabrook) at 0:36
2. Maple Leafs , Evgeni Malkin 9 (Alexander Frolov, Claude Giroux) at 5:22
Penalties :
Evgeni Malkin (Tor) for Hooking (Minor) at 19:16
2nd period
3. Jets , Blake Wheeler 5 (Dmitri Kalinin, Brent Seabrook) at 0:45 (PP)
4. Maple Leafs , Claude Giroux 9 (Braydon Coburn) at 6:09 (PP)
Penalties :
Eric Fehr (Win) for Tripping (Minor) at 1:34, Blake Wheeler (Win) for Holding (Minor) at 5:05, Tyler Seguin (Win) for Holding (Minor) at 6:55, Blake Wheeler (Win) for High sticking (Double Minor) at 12:22
3rd period
5. Maple Leafs , Zac Dalpe 1 (Colby Armstrong) at 6:28
6. Jets , Benoit Pouliot 4 (Derek Roy, Michael Rupp) at 14:28
Penalties :
Marcel Hossa (Win) for Interference (Minor) at 4:01, Tyler Seguin (Win) for Roughing (Minor) at 19:04
Overtime #1
No Goal
Penalties :
No Penalty
Shootout
Penalty Shot by Benoit Pouliot for Jets - Stopped by Marc-André Fleury
Penalty Shot by Claude Giroux for Maple Leafs - Stopped by Kari Lehtonen
Penalty Shot by Derek Roy for Jets - Shot Misses the Net
Penalty Shot by Fabian Brunnstrom for Maple Leafs - Goal!
Penalty Shot by Blake Wheeler for Jets - Stopped by Marc-André Fleury
Penalties :
No Penalty
Goalie Stats
Kari Lehtonen (Win), 32 saves from 35 shots - (0,914), OTL, 4-2-1, 65:00 minutes
Marc-André Fleury (Tor), 23 saves from 26 shots - (0,885), W, 5-2-3, 65:00 minutes
Players Stats for Jets
Player Name G A P +/- PIM S H SB GA TA FO MP PP MP PK MP
------------------------------------------------------------------------------------
Anton Volchenkov 0 0 0 2 0 1 0 1 1 2 0/0 22:03 0:38 6:35
Benoit Pouliot 1 0 1 1 0 4 3 0 0 0 0/0 18:03 1:15 2:08
Blake Wheeler 1 0 1 0 6 2 0 0 1 0 4/8 18:41 1:29 4:40
Brent Seabrook 0 2 2 2 0 1 2 1 1 0 0/0 27:41 0:51 6:35
Derek Roy 0 1 1 1 0 1 2 1 1 0 14/27 20:34 1:15 5:28
Dmitri Kalinin 0 1 1 -2 0 2 0 0 0 0 0/0 22:54 0:51 6:08
Dustin Brown 0 0 0 1 0 2 1 1 0 2 0/0 11:52 0:00 0:00
Eric Fehr 0 0 0 -1 2 1 3 0 0 0 0/1 10:22 0:00 0:00
Eric Gelinas 0 0 0 0 0 0 2 5 1 0 0/0 15:18 0:00 0:56
Fredrik Sjostrom 0 0 0 -1 0 0 1 1 1 0 0/0 12:31 0:00 1:10
Kevin Klein 0 0 0 0 0 0 0 1 0 0 0/0 15:16 0:38 0:16
Marcel Hossa 0 0 0 0 2 4 3 2 0 0 0/0 12:11 0:00 0:03
Marco Scandella 0 0 0 -2 0 0 1 3 0 1 0/0 26:48 0:00 5:28
Michael Rupp 0 2 2 0 0 4 2 0 1 0 0/0 17:33 0:00 5:42
Mikko Koivu 1 0 1 0 0 2 3 0 0 1 3/4 13:59 0:14 1:04
Tomas Kopecky 0 0 0 0 0 2 3 0 0 0 1/3 15:42 0:00 2:46
Tyler Seguin 0 0 0 0 4 0 1 1 1 0 10/15 15:10 0:14 1:50
Zack Hamill 0 0 0 -1 0 0 0 0 2 0 4/12 10:17 0:00 0:03
Players Stats for Maple Leafs
Player Name G A P +/- PIM S H SB GA TA FO MP PP MP PK MP
------------------------------------------------------------------------------------
Alexander Frolov 0 1 1 2 0 2 2 2 1 0 1/5 26:41 5:07 0:00
Blake Comeau 0 0 0 0 0 2 2 1 0 0 0/0 13:27 1:23 0:00
Braydon Coburn 0 1 1 1 0 0 0 0 0 1 0/0 22:30 4:33 1:14
Byron Bitz 0 0 0 -2 0 1 2 0 0 2 0/1 20:23 5:22 0:04
Claude Giroux 1 1 2 1 0 4 1 0 0 1 0/1 24:18 5:07 1:25
Colby Armstrong 0 1 1 1 0 0 2 0 0 0 0/0 6:22 0:04 0:00
Evgeni Malkin 1 0 1 1 2 7 2 0 2 0 18/31 22:44 4:57 0:00
Fabian Brunnstrom 0 0 0 -2 0 5 0 0 0 1 0/0 18:36 5:25 0:00
Jamie McBain 0 0 0 0 0 0 0 0 0 0 0/0 11:38 0:50 0:15
John Klingberg 0 0 0 0 0 0 0 0 0 0 0/0 11:29 4:33 0:00
Jordan Staal 0 0 0 -2 0 2 3 0 2 0 6/17 22:18 5:26 1:25
Justin Abdelkader 0 0 0 0 0 3 0 0 0 1 0/1 13:26 1:22 0:00
Justin Schultz 0 0 0 1 0 0 2 0 0 0 0/0 14:06 0:00 0:00
Marc-Édouard Vlasic 0 0 0 -1 0 3 2 3 0 1 0/0 26:33 6:32 0:00
Rob Schremp 0 0 0 0 0 1 2 0 0 0 4/8 13:37 1:23 0:04
Taylor Chorney 0 0 0 0 0 2 0 1 0 0 0/0 12:37 0:50 1:14
Tobias Enstrom 0 0 0 -1 0 2 0 2 1 2 0/0 31:18 6:32 0:15
Zac Dalpe 1 0 1 1 0 1 0 0 0 1 5/6 6:27 0:09 0:00
3 Stars
1 - Claude Giroux (Tor)
2 - Brent Seabrook (Win)
3 - Benoit Pouliot (Win)
Power Play
Jets - 1 on 1 Attempt(s) - 100,00%
Maple Leafs - 1 on 7 Attempt(s) - 14,29%
Penalty Kill
Jets - 6 on 7 Attempt(s) - 85,71%
- Score 0 goal in Penalty Kill
Maple Leafs - 0 on 1 Attempt(s) - 0,00%
- Score 0 goal in Penalty Kill
Team Stat
Jets - Hits : 27 - Faceoff Wins : 36 - Blocked Shots : 17 - Penalty Minutes : 14
Maple Leafs - Hits : 20 - Faceoff Wins : 34 - Blocked Shots : 9 - Penalty Minutes : 2
Official
Referees : LaRue Dennis and Peel Tim
Linesman : Ryan Galloway and Mark Wheler
Game Notes
No Game Note
Finance
Level 1 -- Attendance: 4471 (74,52%) -- Ticket Income 447 100 $
Level 2 -- Attendance: 3574 (71,48%) -- Ticket Income 232 310 $
Level 3 -- Attendance: 1313 (65,65%) -- Ticket Income 55 146 $
Level 4 -- Attendance: 2428 (60,70%) -- Ticket Income 72 840 $
Luxury Box -- Attendance: 742 (74,20%) -- Ticket Income 137 270 $
Game was played at the Maple Leafs Garden.
Total Attendance: 12528 (69,60%)
Total Ticket Income: 944 666 $
Other Income: 141 700 $
Total Income: 1 086 366 $
Jets
5 vs 5 Forward
Center Left Wing Right Wing Time % Phy DF OF
1 Derek Roy Benoit Pouliot Dustin Brown 30 0 0 5
2 Mikko Koivu Michael Rupp Blake Wheeler 26 2 0 3
3 Tyler Seguin Marcel Hossa Tomas Kopecky 24 1 1 3
4 Zack Hamill Fredrik Sjostrom Eric Fehr 20 3 1 1
5 vs 5 Defense
Defense Defense Time % Phy DF OF
1 Anton Volchenkov Brent Seabrook 30 0 2 3
2 Dmitri Kalinin Marco Scandella 30 0 2 3
3 Eric Gelinas Kevin Klein 25 0 3 2
4 Brent Seabrook Marco Scandella 15 1 3 1
PowerPlay Forward
Center Left Wing Right Wing Time % Phy DF OF
1 Derek Roy Benoit Pouliot Blake Wheeler 60 1 0 4
2 Mikko Koivu Blake Wheeler Tyler Seguin 40 1 0 4
PowerPlay Defense
Defense Defense Time % Phy DF OF
1 Dmitri Kalinin Brent Seabrook 60 0 1 4
2 Anton Volchenkov Kevin Klein 40 0 1 4
Penalty Kill 4 Players Forward
Center Wing Time % Phy DF OF
1 Blake Wheeler Michael Rupp 60 0 5 0
2 Derek Roy Tomas Kopecky 40 0 5 0
Penalty Kill 4 Players Defense
Defense Defense Time % Phy DF OF
1 Anton Volchenkov Brent Seabrook 60 0 5 0
2 Dmitri Kalinin Marco Scandella 40 0 5 0
Penalty Kill - 3 Players Forward
Forward Time % Phy DF OF
1 Blake Wheeler 55 0 4 1
2 Derek Roy 45 0 4 1
Penalty Kill - 3 Players Defense
Defense Defense Time % Phy DF OF
1 Anton Volchenkov Brent Seabrook 55 1 2 2
2 Dmitri Kalinin Marco Scandella 45 1 2 2
4 vs 4 Forward
Center Wing Time % Phy DF OF
1 Derek Roy Benoit Pouliot 60 1 1 3
2 Mikko Koivu Blake Wheeler 40 1 1 3
4 vs 4 Defense
Defense Defense Time % Phy DF OF
1 Brent Seabrook Anton Volchenkov 60 0 3 2
2 Dmitri Kalinin Marco Scandella 40 0 3 2
Last Minutes Offensive
Center Left Wing Right Wing Defense Defense
Derek Roy Benoit Pouliot Blake Wheeler Brent Seabrook Anton Volchenkov
Last Minutes Defensive
Center Left Wing Right Wing Defense Defense
Derek Roy Michael Rupp Blake Wheeler Brent Seabrook Anton Volchenkov
Goaltenders
Starting : Kari Lehtonen
Backup : Jacob Markstrom
Extra Forwards
Normal : Derek Roy, Tomas Kopecky, Benoit Pouliot - PP : Blake Wheeler, Tomas Kopecky - PK : Derek Roy
Extra Defensemen
Normal : Dmitri Kalinin, Brent Seabrook, Anton Volchenkov - PP : Anton Volchenkov - PK : Dmitri Kalinin, Anton Volchenkov
Penalty Shots
Benoit Pouliot, Derek Roy, Blake Wheeler, Tomas Kopecky, Mikko Koivu
Maple Leafs
5 vs 5 Forward
Center Left Wing Right Wing Time % Phy DF OF
1 Evgeni Malkin Alexander Frolov Claude Giroux 40 1 2 2
2 Jordan Staal Fabian Brunnstrom Byron Bitz 30 1 2 2
3 Rob Schremp Justin Abdelkader Blake Comeau 20 1 2 2
4 Zac Dalpe Alexander Frolov Colby Armstrong 10 1 2 2
5 vs 5 Defense
Defense Defense Time % Phy DF OF
1 Tobias Enstrom Marc-Édouard Vlasic 40 1 2 2
2 Braydon Coburn Justin Schultz 30 1 2 2
3 Jamie McBain Taylor Chorney 20 1 2 2
4 Tobias Enstrom John Klingberg 10 1 2 2
PowerPlay Forward
Center Left Wing Right Wing Time % Phy DF OF
1 Evgeni Malkin Alexander Frolov Claude Giroux 60 1 2 2
2 Jordan Staal Fabian Brunnstrom Byron Bitz 40 1 2 2
PowerPlay Defense
Defense Defense Time % Phy DF OF
1 Tobias Enstrom Marc-Édouard Vlasic 60 1 2 2
2 Braydon Coburn John Klingberg 40 1 2 2
Penalty Kill 4 Players Forward
Center Wing Time % Phy DF OF
1 Jordan Staal Claude Giroux 60 1 2 2
2 Evgeni Malkin Byron Bitz 40 1 2 2
Penalty Kill 4 Players Defense
Defense Defense Time % Phy DF OF
1 Braydon Coburn Taylor Chorney 60 1 2 2
2 Jamie McBain Tobias Enstrom 40 1 2 2
Penalty Kill - 3 Players Forward
Forward Time % Phy DF OF
1 Claude Giroux 60 1 2 2
2 Evgeni Malkin 40 1 2 2
Penalty Kill - 3 Players Defense
Defense Defense Time % Phy DF OF
1 Braydon Coburn Taylor Chorney 60 1 2 2
2 Jamie McBain Tobias Enstrom 40 1 2 2
4 vs 4 Forward
Center Wing Time % Phy DF OF
1 Evgeni Malkin Claude Giroux 60 1 2 2
2 Jordan Staal Byron Bitz 40 1 2 2
4 vs 4 Defense
Defense Defense Time % Phy DF OF
1 Tobias Enstrom Marc-Édouard Vlasic 60 1 2 2
2 Braydon Coburn John Klingberg 40 1 2 2
Last Minutes Offensive
Center Left Wing Right Wing Defense Defense
Evgeni Malkin Alexander Frolov Claude Giroux Tobias Enstrom Marc-Édouard Vlasic
Last Minutes Defensive
Center Left Wing Right Wing Defense Defense
Jordan Staal Alexander Frolov Claude Giroux Braydon Coburn Taylor Chorney
Goaltenders
Starting : Marc-André Fleury
Backup : Alex Stalock
Extra Forwards
Normal : Byron Bitz, Claude Giroux, Jordan Staal - PP : Byron Bitz, Evgeni Malkin - PK : Byron Bitz
Extra Defensemen
Normal : Braydon Coburn, Tobias Enstrom, Taylor Chorney - PP : John Klingberg - PK : Tobias Enstrom, Braydon Coburn
Penalty Shots
Claude Giroux, Fabian Brunnstrom, Rob Schremp, Zac Dalpe, Alexander Frolov
% Time on Ice - Jets
Lines # - Real PCT - Wanted PCT - Time Play
Normal Forward
1 - 28% - 30% - 13:15
2 - 24% - 26% - 11:20
3 - 25% - 24% - 11:47
4 - 22% - 20% - 10:14
Normal Defense
1 - 27% - 30% - 12:48
2 - 30% - 30% - 13:52
3 - 30% - 25% - 14:10
4 - 12% - 15% - 5:46
PP Forward
1 - 84% - 60% - 1:15
2 - 16% - 40% - 0:14
PP Defense
1 - 57% - 60% - 0:51
2 - 43% - 40% - 0:38
PK Forward
1 - 77% - 60% - 9:09
2 - 23% - 40% - 2:46
PK Defense
1 - 57% - 60% - 6:51
2 - 43% - 40% - 5:04
PK3 Forward
1 - 69% - 55% - 0:44
2 - 31% - 45% - 0:20
PK3 Defense
1 - 63% - 55% - 0:40
2 - 38% - 45% - 0:24
44 Forward
1 - 83% - 60% - 3:15
2 - 17% - 40% - 0:41
44 Defense
1 - 48% - 60% - 1:53
2 - 52% - 40% - 2:03
Last Minute Offensive - 0:00
Last Minute Defensive - 0:00
Total
Forward - 65:00
Defense - 65:00
|
% Time on Ice - Maple Leafs
Lines # - Real PCT - Wanted PCT - Time Play
Normal Forward
1 - 33% - 40% - 15:16
2 - 28% - 30% - 12:58
3 - 26% - 20% - 12:04
4 - 14% - 10% - 6:18
Normal Defense
1 - 37% - 40% - 17:10
2 - 31% - 30% - 14:35
3 - 22% - 20% - 10:21
4 - 10% - 10% - 4:30
PP Forward
1 - 54% - 60% - 6:25
2 - 46% - 40% - 5:30
PP Defense
1 - 57% - 60% - 6:50
2 - 43% - 40% - 5:05
PK Forward
1 - 96% - 60% - 1:25
2 - 4% - 40% - 0:04
PK Defense
1 - 83% - 60% - 1:14
2 - 17% - 40% - 0:15
PK3 Forward
1 - 0% - 60%
2 - 0% - 40%
PK3 Defense
1 - 0% - 60%
2 - 0% - 40%
44 Forward
1 - 85% - 60% - 4:16
2 - 15% - 40% - 0:44
44 Defense
1 - 57% - 60% - 2:51
2 - 43% - 40% - 2:09
Last Minute Offensive - 0:00
Last Minute Defensive - 0:00
Total
Forward - 65:00
Defense - 65:00
|
Play by Play
1st period
0:01 of 1st period - Evgeni Malkin wins face-off versus Derek Roy in neutral zone.
0:36 of 1st period - Slapshot by Mikko Koivu.
0:36 of 1st period - Goal by Mikko Koivu - Jets : 1 - Maple Leafs : 0.
0:37 of 1st period - Tyler Seguin wins face-off versus Justin Abdelkader in neutral zone.
1:13 of 1st period - Slapshot by Tobias Enstrom.
1:13 of 1st period - Shot Misses the Net.
1:15 of 1st period - Snap shot by Rob Schremp.
1:15 of 1st period - Shot Misses the Net.
1:35 of 1st period - Slapshot by Mikko Koivu.
1:35 of 1st period - Stopped by Marc-André Fleury without a rebound.
1:36 of 1st period - Alexander Frolov wins face-off versus Zack Hamill in Maple Leafs zone.
1:45 of 1st period - Wrist shot by Claude Giroux.
1:45 of 1st period - Shot Blocked by Eric Gelinas.
1:47 of 1st period - Backhand shot by Justin Schultz.
1:47 of 1st period - Shot Blocked by Eric Gelinas.
2:03 of 1st period - Kevin Klein is hit by Jordan Staal and loses puck.
2:28 of 1st period - Marc-Édouard Vlasic is hit by Tomas Kopecky.
3:04 of 1st period - Jamie McBain is hit by Marcel Hossa and loses puck.
3:25 of 1st period - Wrist shot by Benoit Pouliot.
3:25 of 1st period - Stopped by Marc-André Fleury with a rebound.
3:28 of 1st period - Icing by Taylor Chorney.
3:29 of 1st period - Zac Dalpe wins face-off versus Zack Hamill in Maple Leafs zone.
3:37 of 1st period - Slapshot by Fredrik Sjostrom.
3:37 of 1st period - Shot Misses the Net.
3:39 of 1st period - Slapshot by Brent Seabrook.
3:39 of 1st period - Deflect By Jordan Staal.
3:39 of 1st period - Stopped by Marc-André Fleury without a rebound.
3:40 of 1st period - Jordan Staal wins face-off versus Tyler Seguin in Maple Leafs zone.
3:45 of 1st period - Snap shot by Marcel Hossa.
3:45 of 1st period - Stopped by Marc-André Fleury with a rebound.
3:47 of 1st period - Slapshot by Tomas Kopecky.
3:47 of 1st period - Deflect By Marcel Hossa.
3:47 of 1st period - Shot Blocked by Marc-Édouard Vlasic.
3:47 of 1st period - Puck is out of play.
3:48 of 1st period - Tyler Seguin wins face-off versus Alexander Frolov in Maple Leafs zone.
3:51 of 1st period - Slapshot by Anton Volchenkov.
3:51 of 1st period - Shot Misses the Net.
3:53 of 1st period - Slapshot by Marcel Hossa.
3:53 of 1st period - Stopped by Marc-André Fleury without a rebound.
3:54 of 1st period - Evgeni Malkin wins face-off versus Derek Roy in Maple Leafs zone.
3:54 of 1st period - Evgeni Malkin is hit by Benoit Pouliot.
4:20 of 1st period - Fabian Brunnstrom is hit by Eric Fehr and loses puck.
4:47 of 1st period - Backhand shot by Rob Schremp.
4:47 of 1st period - Shot Blocked by Eric Gelinas.
4:57 of 1st period - Braydon Coburn is hit by Eric Gelinas and loses puck.
5:16 of 1st period - Wrist shot by Evgeni Malkin.
5:16 of 1st period - Shot Misses the Net.
5:18 of 1st period - Snap shot by Alexander Frolov.
5:18 of 1st period - Stopped by Kari Lehtonen with a rebound.
5:20 of 1st period - Wrist shot by Evgeni Malkin.
5:20 of 1st period - Shot Misses the Net.
5:22 of 1st period - Wrist shot by Evgeni Malkin.
5:22 of 1st period - Goal by Evgeni Malkin - Jets : 1 - Maple Leafs : 1.
5:23 of 1st period - Evgeni Malkin wins face-off versus Derek Roy in neutral zone.
5:30 of 1st period - Snap shot by Claude Giroux.
5:30 of 1st period - Stopped by Kari Lehtonen without a rebound.
5:31 of 1st period - Evgeni Malkin wins face-off versus Derek Roy in Jets zone.
6:16 of 1st period - Snap shot by Evgeni Malkin.
6:16 of 1st period - Stopped by Kari Lehtonen without a rebound.
6:17 of 1st period - Zack Hamill wins face-off versus Jordan Staal in Jets zone.
7:12 of 1st period - Wrist shot by Marcel Hossa.
7:12 of 1st period - Deflect By Tyler Seguin.
7:12 of 1st period - Shot Blocked by Alexander Frolov.
7:12 of 1st period - Puck is out of play.
7:13 of 1st period - Jordan Staal wins face-off versus Tyler Seguin in Maple Leafs zone.
7:27 of 1st period - Snap shot by Brent Seabrook.
7:27 of 1st period - Shot Blocked by Tobias Enstrom.
7:48 of 1st period - Slapshot by Tobias Enstrom.
7:48 of 1st period - Shot Blocked by Brent Seabrook.
8:02 of 1st period - Kevin Klein is hit by Marc-Édouard Vlasic and loses puck.
8:28 of 1st period - Snap shot by Fabian Brunnstrom.
8:28 of 1st period - Stopped by Kari Lehtonen without a rebound.
8:29 of 1st period - Derek Roy wins face-off versus Evgeni Malkin in Jets zone.
8:38 of 1st period - Wrist shot by Benoit Pouliot.
8:38 of 1st period - Deflect By Dustin Brown.
8:38 of 1st period - Shot Misses the Net.
8:38 of 1st period - Puck is out of play.
8:39 of 1st period - Evgeni Malkin wins face-off versus Derek Roy in Maple Leafs zone.
9:07 of 1st period - Off-side.
9:08 of 1st period - Tyler Seguin wins face-off versus Jordan Staal in neutral zone.
9:13 of 1st period - Snap shot by Tomas Kopecky.
9:13 of 1st period - Shot Blocked by Marc-Édouard Vlasic.
9:57 of 1st period - Fredrik Sjostrom is hit by Alexander Frolov and loses puck.
10:12 of 1st period - Snap shot by Benoit Pouliot.
10:12 of 1st period - Stopped by Marc-André Fleury without a rebound.
10:13 of 1st period - Jordan Staal wins face-off versus Derek Roy in Maple Leafs zone.
10:20 of 1st period - Snap shot by Benoit Pouliot.
10:20 of 1st period - Deflect By Derek Roy.
10:20 of 1st period - Shot Misses the Net.
10:20 of 1st period - Puck is out of play.
10:21 of 1st period - Tyler Seguin wins face-off versus Evgeni Malkin in Maple Leafs zone.
10:50 of 1st period - Wrist shot by Fabian Brunnstrom.
10:50 of 1st period - Stopped by Kari Lehtonen with a rebound.
11:00 of 1st period - Jordan Staal is hit by Michael Rupp and loses puck.
11:15 of 1st period - Wrist shot by Justin Abdelkader.
11:15 of 1st period - Shot Misses the Net.
11:38 of 1st period - Dustin Brown is hit by Colby Armstrong and loses puck.
12:16 of 1st period - Wrist shot by Fabian Brunnstrom.
12:16 of 1st period - Shot Misses the Net.
12:18 of 1st period - Slapshot by Taylor Chorney.
12:18 of 1st period - Stopped by Kari Lehtonen without a rebound.
12:19 of 1st period - Mikko Koivu wins face-off versus Jordan Staal in Jets zone.
12:33 of 1st period - Wrist shot by Michael Rupp.
12:33 of 1st period - Stopped by Marc-André Fleury without a rebound.
12:34 of 1st period - Rob Schremp wins face-off versus Zack Hamill in Maple Leafs zone.
12:38 of 1st period - Marc-Édouard Vlasic is hit by Brent Seabrook.
12:43 of 1st period - Off-side.
12:44 of 1st period - Rob Schremp wins face-off versus Zack Hamill in neutral zone.
12:58 of 1st period - Snap shot by Zack Hamill.
12:58 of 1st period - Deflect By Marc-Édouard Vlasic.
12:58 of 1st period - Shot Misses the Net.
12:58 of 1st period - Puck is out of play.
12:59 of 1st period - Evgeni Malkin wins face-off versus Derek Roy in Maple Leafs zone.
13:06 of 1st period - Wrist shot by Claude Giroux.
13:06 of 1st period - Shot Blocked by Derek Roy.
13:26 of 1st period - Byron Bitz is hit by Marcel Hossa and loses puck.
13:48 of 1st period - Off-side.
13:49 of 1st period - Mikko Koivu wins face-off versus Rob Schremp in neutral zone.
13:54 of 1st period - Snap shot by Michael Rupp.
13:54 of 1st period - Shot Misses the Net.
13:56 of 1st period - Wrist shot by Blake Wheeler.
13:56 of 1st period - Stopped by Marc-André Fleury without a rebound.
13:57 of 1st period - Evgeni Malkin wins face-off versus Derek Roy in Maple Leafs zone.
14:50 of 1st period - Slapshot by Marcel Hossa.
14:50 of 1st period - Shot Blocked by Blake Comeau.
14:52 of 1st period - Snap shot by Tomas Kopecky.
14:52 of 1st period - Stopped by Marc-André Fleury without a rebound.
14:53 of 1st period - Tyler Seguin wins face-off versus Evgeni Malkin in Maple Leafs zone.
14:54 of 1st period - Snap shot by Marcel Hossa.
14:54 of 1st period - Shot Misses the Net.
15:04 of 1st period - Slapshot by Evgeni Malkin.
15:04 of 1st period - Stopped by Kari Lehtonen with a rebound.
15:06 of 1st period - Snap shot by Alexander Frolov.
15:06 of 1st period - Shot Misses the Net.
15:08 of 1st period - Slapshot by Marc-Édouard Vlasic.
15:08 of 1st period - Stopped by Kari Lehtonen with a rebound.
15:10 of 1st period - Slapshot by Marc-Édouard Vlasic.
15:10 of 1st period - Shot Misses the Net.
15:26 of 1st period - Zack Hamill is hit by Marc-Édouard Vlasic and loses puck.
16:39 of 1st period - Taylor Chorney is hit by Marco Scandella and loses puck.
17:08 of 1st period - Michael Rupp is hit by Byron Bitz and loses puck.
17:31 of 1st period - Slapshot by Justin Abdelkader.
17:31 of 1st period - Stopped by Kari Lehtonen without a rebound.
17:32 of 1st period - Derek Roy wins face-off versus Evgeni Malkin in Jets zone.
18:57 of 1st period - Snap shot by Jordan Staal.
18:57 of 1st period - Shot Misses the Net.
19:16 of 1st period - Minor Penalty to Evgeni Malkin for Hooking.
19:17 of 1st period - Derek Roy wins face-off versus Jordan Staal in Maple Leafs zone.
19:19 of 1st period - Slapshot by Derek Roy.
19:19 of 1st period - Stopped by Marc-André Fleury without a rebound.
19:20 of 1st period - Derek Roy wins face-off versus Jordan Staal in Maple Leafs zone.
19:23 of 1st period - Backhand shot by Blake Wheeler.
19:23 of 1st period - Shot Misses the Net.
Goals for this period are 1 for Jets vs 1 for Maple Leafs.
Shots for this period are 11 for Jets vs 10 for Maple Leafs.
2nd period
0:01 of 2nd period - Derek Roy wins face-off versus Jordan Staal in neutral zone.
0:04 of 2nd period - Taylor Chorney is hit by Derek Roy and loses puck.
0:09 of 2nd period - Slapshot by Brent Seabrook.
0:09 of 2nd period - Deflect By Benoit Pouliot.
0:09 of 2nd period - Shot Misses the Net.
0:09 of 2nd period - Puck is out of play.
0:10 of 2nd period - Derek Roy wins face-off versus Jordan Staal in Maple Leafs zone.
0:39 of 2nd period - Wrist shot by Brent Seabrook.
0:39 of 2nd period - Shot Misses the Net.
0:41 of 2nd period - Slapshot by Dmitri Kalinin.
0:41 of 2nd period - Stopped by Marc-André Fleury with a rebound.
0:43 of 2nd period - Slapshot by Dmitri Kalinin.
0:43 of 2nd period - Stopped by Marc-André Fleury with a rebound.
0:45 of 2nd period - Wrist shot by Blake Wheeler.
0:45 of 2nd period - Goal by Blake Wheeler - Jets : 2 - Maple Leafs : 1.
0:46 of 2nd period - Zack Hamill wins face-off versus Evgeni Malkin in neutral zone.
0:51 of 2nd period - Snap shot by Zack Hamill.
0:51 of 2nd period - Deflect By Claude Giroux.
0:51 of 2nd period - Shot Misses the Net.
0:51 of 2nd period - Puck is out of play.
0:52 of 2nd period - Evgeni Malkin wins face-off versus Zack Hamill in Maple Leafs zone.
0:52 of 2nd period - Evgeni Malkin is hit by Eric Fehr.
1:04 of 2nd period - Slapshot by Evgeni Malkin.
1:04 of 2nd period - Shot Blocked by Marco Scandella.
1:34 of 2nd period - Minor Penalty to Eric Fehr for Tripping.
1:35 of 2nd period - Jordan Staal wins face-off versus Blake Wheeler in Jets zone.
1:58 of 2nd period - Icing by Braydon Coburn.
1:59 of 2nd period - Blake Wheeler wins face-off versus Jordan Staal in Maple Leafs zone.
2:00 of 2nd period - Snap shot by Michael Rupp.
2:00 of 2nd period - Shot Misses the Net.
2:10 of 2nd period - Wrist shot by Jordan Staal.
2:10 of 2nd period - Deflect By Fabian Brunnstrom.
2:10 of 2nd period - Stopped by Kari Lehtonen without a rebound.
2:11 of 2nd period - Blake Wheeler wins face-off versus Evgeni Malkin in Jets zone.
2:11 of 2nd period - Blake Wheeler is hit by Evgeni Malkin.
2:37 of 2nd period - Tobias Enstrom is hit by Tomas Kopecky.
2:38 of 2nd period - Icing by Tobias Enstrom.
2:39 of 2nd period - Derek Roy wins face-off versus Byron Bitz in Maple Leafs zone.
3:34 of 2nd period - Penalty to Eric Fehr is over, Eric Fehr is back on ice.
3:48 of 2nd period - Slapshot by Michael Rupp.
3:48 of 2nd period - Stopped by Marc-André Fleury without a rebound.
3:49 of 2nd period - Zack Hamill wins face-off versus Rob Schremp in Maple Leafs zone.
3:58 of 2nd period - Wrist shot by Zack Hamill.
3:58 of 2nd period - Shot Misses the Net.
4:18 of 2nd period - Snap shot by Justin Abdelkader.
4:18 of 2nd period - Shot Misses the Net.
4:20 of 2nd period - Slapshot by Braydon Coburn.
4:20 of 2nd period - Shot Blocked by Fredrik Sjostrom.
4:22 of 2nd period - Snap shot by Blake Comeau.
4:22 of 2nd period - Stopped by Kari Lehtonen without a rebound.
4:23 of 2nd period - Evgeni Malkin wins face-off versus Derek Roy in Jets zone.
4:24 of 2nd period - Snap shot by Claude Giroux.
4:24 of 2nd period - Stopped by Kari Lehtonen with a rebound.
4:26 of 2nd period - Slapshot by Tobias Enstrom.
4:26 of 2nd period - Shot Blocked by Kevin Klein.
4:28 of 2nd period - Slapshot by Tobias Enstrom.
4:28 of 2nd period - Stopped by Kari Lehtonen with a rebound.
4:30 of 2nd period - Slapshot by Marc-Édouard Vlasic.
4:30 of 2nd period - Shot Blocked by Dustin Brown.
4:32 of 2nd period - Slapshot by Tobias Enstrom.
4:32 of 2nd period - Shot Blocked by Eric Gelinas.
4:34 of 2nd period - Snap shot by Evgeni Malkin.
4:34 of 2nd period - Shot Blocked by Eric Gelinas.
4:36 of 2nd period - Slapshot by Evgeni Malkin.
4:36 of 2nd period - Stopped by Kari Lehtonen with a rebound.
4:38 of 2nd period - Wrist shot by Marc-Édouard Vlasic.
4:38 of 2nd period - Shot Misses the Net.
4:40 of 2nd period - Slapshot by Marc-Édouard Vlasic.
4:40 of 2nd period - Stopped by Kari Lehtonen with a rebound.
4:50 of 2nd period - Byron Bitz is hit by Mikko Koivu and loses puck.
5:05 of 2nd period - Minor Penalty to Blake Wheeler for Holding.
5:06 of 2nd period - Derek Roy wins face-off versus Alexander Frolov in Jets zone.
5:11 of 2nd period - Claude Giroux is hit by Brent Seabrook and loses puck.
5:19 of 2nd period - Off-side.
5:20 of 2nd period - Derek Roy wins face-off versus Evgeni Malkin in neutral zone.
5:23 of 2nd period - Slapshot by Brent Seabrook.
5:23 of 2nd period - Shot Blocked by Marc-Édouard Vlasic.
5:29 of 2nd period - Brent Seabrook is hit by Evgeni Malkin and loses puck.
5:55 of 2nd period - Off-side.
5:56 of 2nd period - Tyler Seguin wins face-off versus Alexander Frolov in neutral zone.
6:09 of 2nd period - Snap shot by Claude Giroux.
6:09 of 2nd period - Goal by Claude Giroux - Jets : 2 - Maple Leafs : 2.
6:10 of 2nd period - Evgeni Malkin wins face-off versus Derek Roy in neutral zone.
6:37 of 2nd period - Jordan Staal is hit by Mikko Koivu and loses puck.
6:45 of 2nd period - Slapshot by Jordan Staal.
6:45 of 2nd period - Shot Misses the Net.
6:47 of 2nd period - Snap shot by Braydon Coburn.
6:47 of 2nd period - Deflect By Fabian Brunnstrom.
6:47 of 2nd period - Shot Misses the Net.
6:47 of 2nd period - Puck is out of play.
6:48 of 2nd period - Evgeni Malkin wins face-off versus Tyler Seguin in Jets zone.
6:53 of 2nd period - Snap shot by Evgeni Malkin.
6:53 of 2nd period - Shot Misses the Net.
6:55 of 2nd period - Minor Penalty to Tyler Seguin for Holding.
6:56 of 2nd period - Evgeni Malkin wins face-off versus Blake Wheeler in Jets zone.
8:06 of 2nd period - Michael Rupp is hit by Alexander Frolov and loses puck.
8:55 of 2nd period - Penalty to Tyler Seguin is over, Tyler Seguin is back on ice.
10:20 of 2nd period - Off-side.
10:21 of 2nd period - Zac Dalpe wins face-off versus Zack Hamill in neutral zone.
10:43 of 2nd period - Icing by Dmitri Kalinin.
10:44 of 2nd period - Rob Schremp wins face-off versus Derek Roy in Jets zone.
10:45 of 2nd period - Wrist shot by Justin Abdelkader.
10:45 of 2nd period - Stopped by Kari Lehtonen with a rebound.
10:47 of 2nd period - Slapshot by Justin Schultz.
10:47 of 2nd period - Shot Blocked by Marco Scandella.
10:49 of 2nd period - Backhand shot by Blake Comeau.
10:49 of 2nd period - Stopped by Kari Lehtonen without a rebound.
10:50 of 2nd period - Derek Roy wins face-off versus Rob Schremp in Jets zone.
10:50 of 2nd period - Derek Roy is hit by Rob Schremp.
11:00 of 2nd period - Wrist shot by Dustin Brown.
11:00 of 2nd period - Stopped by Marc-André Fleury without a rebound.
11:01 of 2nd period - Mikko Koivu wins face-off versus Alexander Frolov in Maple Leafs zone.
11:02 of 2nd period - Snap shot by Michael Rupp.
11:02 of 2nd period - Shot Misses the Net.
11:13 of 2nd period - Wrist shot by Evgeni Malkin.
11:13 of 2nd period - Stopped by Kari Lehtonen with a rebound.
11:50 of 2nd period - Tobias Enstrom is hit by Eric Gelinas and loses puck.
12:22 of 2nd period - Double Minor Penalty to Blake Wheeler for High sticking.
12:23 of 2nd period - Derek Roy wins face-off versus Jordan Staal in Jets zone.
13:41 of 2nd period - Tyler Seguin is hit by Blake Comeau and loses puck.
16:22 of 2nd period - Penalty to Blake Wheeler is over, Blake Wheeler is back on ice.
16:33 of 2nd period - Wrist shot by Benoit Pouliot.
16:33 of 2nd period - Stopped by Marc-André Fleury without a rebound.
16:34 of 2nd period - Zac Dalpe wins face-off versus Zack Hamill in Maple Leafs zone.
16:34 of 2nd period - Zac Dalpe is hit by Fredrik Sjostrom.
16:54 of 2nd period - Tyler Seguin is hit by Byron Bitz and loses puck.
17:05 of 2nd period - Snap shot by Michael Rupp.
17:05 of 2nd period - Deflect By Mikko Koivu.
17:05 of 2nd period - Shot Misses the Net.
17:05 of 2nd period - Puck is out of play.
17:06 of 2nd period - Zac Dalpe wins face-off versus Mikko Koivu in Maple Leafs zone.
17:25 of 2nd period - Byron Bitz is hit by Benoit Pouliot and loses puck.
17:31 of 2nd period - Off-side.
17:32 of 2nd period - Jordan Staal wins face-off versus Derek Roy in neutral zone.
17:39 of 2nd period - Derek Roy is hit by Jordan Staal and loses puck.
17:46 of 2nd period - Snap shot by Fabian Brunnstrom.
17:46 of 2nd period - Stopped by Kari Lehtonen without a rebound.
17:47 of 2nd period - Evgeni Malkin wins face-off versus Tyler Seguin in Jets zone.
18:43 of 2nd period - Zack Hamill is hit by Blake Comeau and loses puck.
19:16 of 2nd period - Justin Schultz is hit by Marcel Hossa and loses puck.
Goals for this period are 1 for Jets vs 1 for Maple Leafs.
Shots for this period are 6 for Jets vs 11 for Maple Leafs.
3rd period
0:01 of 3rd period - Tyler Seguin wins face-off versus Evgeni Malkin in neutral zone.
0:26 of 3rd period - Fabian Brunnstrom is hit by Benoit Pouliot and loses puck.
0:31 of 3rd period - Slapshot by Benoit Pouliot.
0:31 of 3rd period - Shot Misses the Net.
1:25 of 3rd period - Slapshot by Byron Bitz.
1:25 of 3rd period - Stopped by Kari Lehtonen without a rebound.
1:26 of 3rd period - Tyler Seguin wins face-off versus Jordan Staal in Jets zone.
1:33 of 3rd period - Slapshot by Marcel Hossa.
1:33 of 3rd period - Shot Misses the Net.
1:35 of 3rd period - Slapshot by Anton Volchenkov.
1:35 of 3rd period - Stopped by Marc-André Fleury with a rebound.
1:37 of 3rd period - Wrist shot by Tomas Kopecky.
1:37 of 3rd period - Shot Blocked by Tobias Enstrom.
1:51 of 3rd period - Claude Giroux is hit by Dustin Brown and loses puck.
2:17 of 3rd period - Marc-Édouard Vlasic is hit by Michael Rupp and loses puck.
3:16 of 3rd period - Backhand shot by Justin Abdelkader.
3:16 of 3rd period - Shot Hit the Post.
4:01 of 3rd period - Minor Penalty to Marcel Hossa for Interference.
4:02 of 3rd period - Evgeni Malkin wins face-off versus Blake Wheeler in Jets zone.
4:16 of 3rd period - Wrist shot by Brent Seabrook.
4:16 of 3rd period - Shot Blocked by Alexander Frolov.
4:56 of 3rd period - Michael Rupp is hit by Claude Giroux and loses puck.
6:01 of 3rd period - Penalty to Marcel Hossa is over, Marcel Hossa is back on ice.
6:10 of 3rd period - Wrist shot by Rob Schremp.
6:10 of 3rd period - Stopped by Kari Lehtonen with a rebound.
6:12 of 3rd period - Snap shot by Blake Comeau.
6:12 of 3rd period - Shot Blocked by Tyler Seguin.
6:14 of 3rd period - Slapshot by Taylor Chorney.
6:14 of 3rd period - Stopped by Kari Lehtonen with a rebound.
6:28 of 3rd period - Snap shot by Zac Dalpe.
6:28 of 3rd period - Goal by Zac Dalpe - Jets : 2 - Maple Leafs : 3.
6:29 of 3rd period - Derek Roy wins face-off versus Jordan Staal in neutral zone.
7:02 of 3rd period - Snap shot by Evgeni Malkin.
7:02 of 3rd period - Shot Blocked by Marcel Hossa.
7:04 of 3rd period - Slapshot by Claude Giroux.
7:04 of 3rd period - Deflect By Alexander Frolov.
7:04 of 3rd period - Shot Blocked by Marcel Hossa.
7:04 of 3rd period - Puck is out of play.
7:05 of 3rd period - Evgeni Malkin wins face-off versus Derek Roy in Jets zone.
7:06 of 3rd period - Wrist shot by Claude Giroux.
7:06 of 3rd period - Shot Misses the Net.
7:14 of 3rd period - Slapshot by Dustin Brown.
7:14 of 3rd period - Stopped by Marc-André Fleury with a rebound.
7:16 of 3rd period - Slapshot by Kevin Klein.
7:16 of 3rd period - Shot Misses the Net.
7:32 of 3rd period - Tyler Seguin is hit by Justin Schultz and loses puck.
8:37 of 3rd period - Snap shot by Fabian Brunnstrom.
8:37 of 3rd period - Stopped by Kari Lehtonen with a rebound.
8:39 of 3rd period - Slapshot by Jordan Staal.
8:39 of 3rd period - Stopped by Kari Lehtonen with a rebound.
8:41 of 3rd period - Slapshot by Tobias Enstrom.
8:41 of 3rd period - Stopped by Kari Lehtonen with a rebound.
8:43 of 3rd period - Slapshot by Marc-Édouard Vlasic.
8:43 of 3rd period - Shot Blocked by Marco Scandella.
8:55 of 3rd period - Snap shot by Marcel Hossa.
8:55 of 3rd period - Stopped by Marc-André Fleury without a rebound.
8:56 of 3rd period - Zac Dalpe wins face-off versus Tomas Kopecky in Maple Leafs zone.
10:17 of 3rd period - Rob Schremp is hit by Mikko Koivu and loses puck.
10:32 of 3rd period - Michael Rupp is hit by Jordan Staal and loses puck.
10:45 of 3rd period - Wrist shot by Michael Rupp.
10:45 of 3rd period - Stopped by Marc-André Fleury with a rebound.
12:20 of 3rd period - Anton Volchenkov is hit by Rob Schremp and loses puck.
12:31 of 3rd period - Dustin Brown is hit by Justin Schultz and loses puck.
13:11 of 3rd period - Wrist shot by Evgeni Malkin.
13:11 of 3rd period - Stopped by Kari Lehtonen with a rebound.
13:13 of 3rd period - Slapshot by Claude Giroux.
13:13 of 3rd period - Stopped by Kari Lehtonen without a rebound.
13:14 of 3rd period - Evgeni Malkin wins face-off versus Eric Fehr in Jets zone.
13:42 of 3rd period - Taylor Chorney is hit by Tyler Seguin and loses puck.
14:09 of 3rd period - Marco Scandella is hit by Colby Armstrong and loses puck.
14:28 of 3rd period - Snap shot by Benoit Pouliot.
14:28 of 3rd period - Goal by Benoit Pouliot - Jets : 3 - Maple Leafs : 3.
14:29 of 3rd period - Derek Roy wins face-off versus Evgeni Malkin in neutral zone.
15:01 of 3rd period - Wrist shot by Tomas Kopecky.
15:01 of 3rd period - Stopped by Marc-André Fleury without a rebound.
15:02 of 3rd period - Rob Schremp wins face-off versus Tyler Seguin in Maple Leafs zone.
15:34 of 3rd period - Wrist shot by Marcel Hossa.
15:34 of 3rd period - Stopped by Marc-André Fleury without a rebound.
15:35 of 3rd period - Evgeni Malkin wins face-off versus Zack Hamill in Maple Leafs zone.
15:55 of 3rd period - Alexander Frolov is hit by Eric Fehr and loses puck.
17:33 of 3rd period - Snap shot by Mikko Koivu.
17:33 of 3rd period - Shot Blocked by Taylor Chorney.
17:35 of 3rd period - Snap shot by Blake Wheeler.
17:35 of 3rd period - Deflect By Michael Rupp.
17:35 of 3rd period - Stopped by Marc-André Fleury with a rebound.
17:55 of 3rd period - Slapshot by Rob Schremp.
17:55 of 3rd period - Deflect By Kevin Klein.
17:55 of 3rd period - Shot Misses the Net.
17:55 of 3rd period - Puck is out of play.
17:56 of 3rd period - Tyler Seguin wins face-off versus Evgeni Malkin in Jets zone.
18:30 of 3rd period - Wrist shot by Eric Fehr.
18:30 of 3rd period - Stopped by Marc-André Fleury without a rebound.
18:31 of 3rd period - Zack Hamill wins face-off versus Rob Schremp in Maple Leafs zone.
18:42 of 3rd period - Snap shot by Justin Abdelkader.
18:42 of 3rd period - Stopped by Kari Lehtonen without a rebound.
18:43 of 3rd period - Tyler Seguin wins face-off versus Zac Dalpe in Jets zone.
19:04 of 3rd period - Minor Penalty to Tyler Seguin for Roughing.
19:05 of 3rd period - Blake Wheeler wins face-off versus Claude Giroux in Jets zone.
Goals for this period are 1 for Jets vs 1 for Maple Leafs.
Shots for this period are 9 for Jets vs 10 for Maple Leafs.
Overtime #1
0:01 of 1st overtime period - Evgeni Malkin wins face-off versus Blake Wheeler in neutral zone.
0:06 of 1st overtime period - Snap shot by Claude Giroux.
0:06 of 1st overtime period - Shot Misses the Net.
0:08 of 1st overtime period - Slapshot by Marc-Édouard Vlasic.
0:08 of 1st overtime period - Shot Misses the Net.
0:10 of 1st overtime period - Snap shot by Evgeni Malkin.
0:10 of 1st overtime period - Stopped by Kari Lehtonen without a rebound.
0:11 of 1st overtime period - Blake Wheeler wins face-off versus Evgeni Malkin in Jets zone.
0:38 of 1st overtime period - Evgeni Malkin is hit by Derek Roy and loses puck.
1:04 of 1st overtime period - Penalty to Tyler Seguin is over, Tyler Seguin is back on ice.
1:07 of 1st overtime period - Wrist shot by Jordan Staal.
1:07 of 1st overtime period - Stopped by Kari Lehtonen with a rebound.
1:48 of 1st overtime period - Icing by Benoit Pouliot.
1:49 of 1st overtime period - Tomas Kopecky wins face-off versus Evgeni Malkin in Jets zone.
2:30 of 1st overtime period - Slapshot by Marc-Édouard Vlasic.
2:30 of 1st overtime period - Stopped by Kari Lehtonen without a rebound.
2:31 of 1st overtime period - Jordan Staal wins face-off versus Tomas Kopecky in Jets zone.
2:32 of 1st overtime period - Wrist shot by Alexander Frolov.
2:32 of 1st overtime period - Stopped by Kari Lehtonen with a rebound.
2:38 of 1st overtime period - Alexander Frolov is hit by Tomas Kopecky and loses puck.
2:55 of 1st overtime period - Wrist shot by Tobias Enstrom.
2:55 of 1st overtime period - Deflect By Jordan Staal.
2:55 of 1st overtime period - Shot Misses the Net.
2:55 of 1st overtime period - Puck is out of play.
2:56 of 1st overtime period - Derek Roy wins face-off versus Evgeni Malkin in Jets zone.
3:56 of 1st overtime period - Slapshot by Tobias Enstrom.
3:56 of 1st overtime period - Shot Blocked by Anton Volchenkov.
Goals for this period are 0 for Jets vs 0 for Maple Leafs.
Shots for this period are 0 for Jets vs 4 for Maple Leafs.
ShootOut
5:00 of 1st overtime period - Penalty Shot by Benoit Pouliot for Jets.
5:00 of 1st overtime period - Wrist shot by Benoit Pouliot.
5:00 of 1st overtime period - Stopped by Marc-André Fleury.
5:00 of 1st overtime period - Penalty Shot by Claude Giroux for Maple Leafs.
5:00 of 1st overtime period - Wrist shot by Claude Giroux.
5:00 of 1st overtime period - Stopped by Kari Lehtonen.
5:00 of 1st overtime period - Penalty Shot by Derek Roy for Jets.
5:00 of 1st overtime period - Wrist shot by Derek Roy.
5:00 of 1st overtime period - Shot Misses the Net.
5:00 of 1st overtime period - Penalty Shot by Fabian Brunnstrom for Maple Leafs.
5:00 of 1st overtime period - Snap shot by Fabian Brunnstrom.
5:00 of 1st overtime period - Goal by Fabian Brunnstrom.
5:00 of 1st overtime period - Penalty Shot by Blake Wheeler for Jets.
5:00 of 1st overtime period - Wrist shot by Blake Wheeler.
5:00 of 1st overtime period - Stopped by Marc-André Fleury.
Back to the Top